 Dungeon Crawl Stone Soup version 0.32-a0-131-g9dbbe29261 (webtiles) character file.

Game seed: 12781681466666100228

1288 Dittersdorf the Covered (level 8, 0/52 HPs)
             Began as a Gargoyle Fighter on Feb 8, 2024.
             Was an Initiate of Gozag.
             Slain by a steam dragon (9 damage)
             ... on level 7 of the Dungeon.
             The game lasted 00:05:44 (5181 turns).

Dittersdorf the Covered (Gargoyle Fighter)          Turns: 5181, Time: 00:05:44

Health: 0/52       AC: 14    Str: 28    XL:     8   Next: 55%
Magic:  8/8        EV:  8    Int:  9    God:    Gozag
Gold:   260        SH: 13    Dex:  9    Spells: 7/7 levels left

rFire   + . .        D - +0 morningstar
rCold   . . .        f - +0 tower shield
rNeg    + . .        x - +2 ring mail {rF+}
rPois   ∞            (no helmet)
rElec   +            (no cloak)
rCorr   .            (no gloves)
SInv    .            (no boots)
Will    .....        (no amulet) Stlth
                     i - +6 ring of strength
HPRegen 0.28/turn    (no ring)
MPRegen 0.11/turn

%: no passive effects
@: no status effects
A: sickness immunity, AC +5, negative energy resistance 1, electricity
resistance, torment resistance 1, petrification resistance
a: Renounce Religion, Potion Petition, Call Merchant, Bribe Branch


You were on level 7 of the Dungeon.
You worshipped Gozag.
Gozag was aware of your devotion.
You visited 2 branches of the dungeon, and saw 8 of its levels.
You also visited: Sewer.

You collected 477 gold pieces.
You spent 130 gold pieces at shops.
You paid 87 gold pieces to Gozag.

Inventory:

Hand Weapons
 D - a +0 morningstar (weapon)
Armour
 f - a +0 tower shield (worn)
 x - a +2 ring mail of fire resistance (worn)
Jewellery
 e - a ring of ice
 i - a +6 ring of strength (left hand)
Wands
 b - a wand of iceblast (6) (quivered)
Scrolls
 c - a scroll of amnesia {unknown}
 g - 5 scrolls of identify {unknown}
 h - a scroll of torment {unknown}
 m - a scroll of teleportation {unknown}
 n - 3 scrolls of enchant armour {unknown}
 p - a scroll of fear {unknown}
 q - 2 scrolls of immolation {unknown}
 v - a scroll of revelation
 w - 4 scrolls of poison {unknown}
 y - a scroll of noise {unknown}
 C - a scroll of brand weapon {unknown}
Potions
 d - 3 potions of might
 j - 2 potions of haste {unknown}
 k - 2 potions of mutation {unknown}
 l - 3 potions of resistance {unknown}
 o - 2 potions of curing {unknown}
 r - a potion of ambrosia {unknown}
 s - 4 potions of degeneration {unknown}
 t - 5 potions of heal wounds
 u - a potion of experience {unknown}
 z - a potion of attraction {unknown}
 A - a potion of brilliance {unknown}
 B - a potion of invisibility {unknown}


   Skills:
 + Level 6.3 Fighting
 + Level 5.3 Maces & Flails
 + Level 6.4 Armour
 + Level 6.4 Shields


You had 7 spell levels left.
You didn't know any spells.
Your spell library contained the following spells:

 Spells                   Type           Power      Damage    Failure   Level
 Call Imp                 Summ           0%         N/A       97%         2
 Summon Ice Beast         Ice/Summ       0%         N/A       100%        3
 Vhi's Electric Charge    Tloc/Air       0%         N/A       100%        4
 Arcjolt                  Conj/Air       0%         1d10      100%        5
 Summon Mana Viper        Hex/Summ       0%         N/A       100%        5
 Monstrous Menagerie      Summ           0%         N/A       100%        7
 Summon Hydra             Summ           0%         N/A       100%        7
 Maxwell's Capacitive Co  Air            0%         ∞         100%        8
 Sublimation of Blood     Necr           Unusable   N/A       N/A         2

Dungeon Overview and Level Annotations

Branches:
Dungeon (7/15)             Temple (1/1) D:5           Sewer (visited)

Altars:
Ashenzari
Cheibriados
Dithmenos
Gozag
Hepliaklqana
Kikubaaqudgha
Makhleb
Nemelex Xobeh
Okawaru
Qazlal
Ru
Sif Muna
Trog
Uskayaw
Vehumet
Wu Jian
Xom
Yredelemnul
Zin
The Shining One

Shops:
D:1 :   D:3 :?!


Innate Abilities, Weirdness & Mutations

You are immune to sickness and miasma.
Your stone body is resilient. (AC +5)
You are immune to poison.
You resist negative energy. (rN+)
You are resistant to electric shocks. (rElec)
You are resistant to unholy torment.
You are immune to petrification.


Message History

The orc wizard points at you and mumbles some strange words.
The magic dart hits you but does no damage.
The orc wizard gestures wildly while chanting.
The orc wizard flickers and vanishes!
Deactivating autopickup; reactivate with Ctrl-A.
There is a stone staircase leading down here.
A puff of flame appears from out of thin air!
You block the puff of flame.
You climb downwards.
Reactivating autopickup.
The steam dragon hisses angrily.
There is a stone staircase leading up here.
Aiming: Iceblast
Press: ? - help, Q - select action, (/) - cycle Shift-Dir - straight line, f - steam dragon
Aim: a steam dragon The mass of ice explodes!
The iceblast engulfs the steam dragon!
The steam dragon is moderately wounded.
The steam dragon bites you but does no damage.
The steam dragon claws you but does no damage.
You barely miss the steam dragon.
The steam dragon is moderately wounded.
The steam dragon breathes steam at you. The ball of steam hits you. You resist.
* * * LOW HITPOINT WARNING * * *
You closely miss the steam dragon.
The steam dragon is moderately wounded.
You block the steam dragon's attack. x2
You hit the steam dragon.
The steam dragon is heavily wounded.
You block the steam dragon's attack. The steam dragon claws you.
* * * LOW HITPOINT WARNING * * *
You block the steam dragon's attack. x2
You barely miss the steam dragon.
The steam dragon is heavily wounded.
You block the steam dragon's attack. x2
You closely miss the steam dragon.
The steam dragon is heavily wounded.
You block the steam dragon's attack. x2; The steam dragon bites you!
You die...
Your body crumbles into a pile of gold.

#######
#..<..#...
#.@........
#.D...#.#..
#.........
#######.###
.# #


You could see a steam dragon.

Vanquished Creatures
  Prince Ribbit (D:5)
  2 steam dragons (D:6)
  A water moccasin (D:6)
  Pargi (Sewer)
  An ice beast (D:5)
  A centaur (D:5)
  A brain worm (Sewer)
  A bullfrog (D:6)
  2 orc priests (D:6)
  A hound (D:5)
  An iguana (D:6)
  An orc wizard (D:6)
  10 adders
  A ribbon worm (D:2)
  4 dart slugs
  15 orcs
  3 ball pythons
  8 endoplasms
  12 giant cockroaches
  7 goblins
  3 hobgoblins
  6 jackals
  7 kobolds
  6 quokkas
  5 bats
  8 frilled lizards
  8 rats
117 creatures vanquished.

Notes
Turn   | Place    | Note
-------+----------+-------------------------------------------
     0 | D:1      | Dittersdorf the Gargoyle Fighter began the quest for the
                  | Orb.
     0 | D:1      | Reached XP level 1. HP: 14/14 MP: 1/1
    66 | D:1      | Reached XP level 2. HP: 19/19 MP: 2/2
   182 | D:1      | Reached XP level 3. HP: 23/23 MP: 3/3
   197 | D:1      | Found a faded altar of an unknown god.
   243 | D:1      | Found Lamod's Book Emporium.
  1011 | D:2      | Reached XP level 4. HP: 29/29 MP: 4/4
  1320 | D:2      | Reached XP level 5. HP: 31/33 MP: 5/5
  1425 | D:2      | Identified the +3 hand axe of Intimidation {distort, rElec
                  | Int+3}
  1627 | D:3      | Found Ahanloc's Distillery.
  1628 | D:3      | Found Vovvaimenk's Magic Scroll Boutique.
  1914 | D:3      | Bought a potion of heal wounds for 65 gold pieces
  1914 | D:3      | Bought a potion of heal wounds for 65 gold pieces
  2039 | D:3      | Found Pasax's Book Shoppe.
  2333 | D:4      | Found a glowing drain.
  2369 | Sewer    | Entered a sewer
  2376 | Sewer    | Reached XP level 6. HP: 39/39 MP: 6/6
  2461 | Sewer    | Noticed Pargi
  2486 | Sewer    | Killed Pargi
  3048 | D:4      | Found a shimmering altar of Xom.
  3424 | D:5      | Entered Level 5 of the Dungeon
  3460 | D:5      | Found a staircase to the Ecumenical Temple.
  3469 | Temple   | Entered the Ecumenical Temple
  3492 | Temple   | Became a worshipper of Gozag Ym Sagoz the Greedy
  3539 | D:5      | Noticed Prince Ribbit
  3558 | D:5      | Killed Prince Ribbit
  3559 | D:5      | Reached skill level 5 in Fighting
  3559 | D:5      | Reached skill level 5 in Armour
  3559 | D:5      | Reached skill level 5 in Shields
  3559 | D:5      | Reached XP level 7. HP: 12/44 MP: 7/7
  3858 | D:5      | Identified the +2 leather armour of Zin {rElec rPois Int+5
                  | Dex+2}
  4698 | D:6      | Noticed a steam dragon
  4716 | D:6      | Killed a steam dragon
  4717 | D:6      | Reached XP level 8. HP: 21/51 MP: 8/8
  4965 | D:6      | Reached skill level 5 in Maces & Flails
  5147 | D:6      | HP: 2/52 [ogre/+0 giant spiked club (17)]
  5181 | D:7      | Slain by a steam dragon

Illustrated notes

Levels and vault maps discovered:
D:1:      minmay_arrival_plants_in_alcoves, layout_basic,
          shapermc_ecumenical_altar_starsandcircs, serial_shops, shop,
          st_stairs_10
D:2:      layout_rooms, minmay_heptomino_w4
D:3:      layout_loops_ring, serial_shops, shop, shop,
          nicolae_shop_industrial_runoff
D:4:      layout_basic, mainiacjoe_overflow_surrounded_room,
          portal_sewer_entry_f
D:5:      layout_basic, minmay_temple_entry_drinking_statues,
          uniq_prince_ribbit1
D:6:      hellmonk_destroyed_diamonds, layout_loops_corners,
          fedhas_altar_decomposition, gammafunk_ghost_split, kennysheep_potato
D:7:      layout_loops_ring, hangedman_decor_riveting, corner_web_ring
Temple:   nicolae_temple_bog_church

Skill      XL: |  1  2  3  4  5  6  7  8 |
---------------+-------------------------+-----
Fighting       | 4 5 6 |  6.3
Armour         | 4 5 6 |  6.4
Shields        | 4 5 6 |  6.4
Maces & Flails | 3 4 5 |  5.3

Action                     |  1- 3 |  4- 6 |  7- 9 || total
---------------------------+-------+-------+-------++-------
  Melee: Flail             |   108 |   278 |   115 ||   501
         Morningstar       |       |       |    21 ||    21
  Evoke: Wand              |       |     4 |     1 ||     5
    Use: Scroll            |       |     1 |       ||     1
 Armour: Scale mail        |    66 |   201 |       ||   267
         Ring mail         |       |    18 |   122 ||   140
  Dodge: Dodged            |    30 |    98 |    61 ||   189
  Block: Buckler           |    12 |       |       ||    12
         Tower shield      |    66 |   265 |   154 ||   485

Table legend: (Time is in decaauts)
 A = Elapsed time spent in this place.
 B = Non-inter-level travel time spent in this place.
 C = Inter-level travel time spent in this place.
 D = Time resting spent in this place.
 E = Time spent auto-exploring this place.
 F = Levels seen in this place.
 G = Mean time per level.
                   A        B        C        D        E       F      G
               +--------+--------+--------+--------+--------+-----+--------+
         Total |   5458 |   5145 |    313 |    280 |   3612 |   9 |  606.4 |
       Dungeon |   5117 |   4850 |    267 |    280 |   3436 |   7 |  731.0 |
        Temple |     48 |      2 |     46 |      0 |      0 |   1 |   48.0 |
         Sewer |    292 |    292 |      0 |      0 |    175 |   1 |  292.0 |
               +--------+--------+--------+--------+--------+-----+--------+

Top non-repeatable levels by time:
     D:5: 1198 daAuts
     D:4: 1015 daAuts
     D:1: 940 daAuts
     D:2: 796 daAuts
     D:3: 619 daAuts
     D:6: 537 daAuts
   Sewer: 292 daAuts
  Temple: 48 daAuts
     D:7: 8 daAuts
